 Dungeon Crawl Stone Soup version 0.28.0-43-g3370ac3207 (webtiles) character file.

Game seed: 2492447910923592627

67 zeram the Covered (level 4, 0/29 HPs)
             Began as a Gargoyle Fighter on Mar 5, 2022.
             Killed from afar by Natasha (5 damage)
             ... with a magic dart
             ... on level 2 of the Dungeon.
             The game lasted 00:02:41 (1409 turns).

zeram the Covered (Gargoyle Fighter)                Turns: 1409, Time: 00:02:42

Health: 0/29       AC: 10    Str: 22    XL:     4   Next: 16%
Magic:  4/4        EV:  9    Int:  8    God:
Gold:   66         SH:  4    Dex:  9    Spells: 3/3 levels left

rFire   . . .      SeeInvis .   a - +0 flail
rCold   . . .      Faith    .   c - +0 buckler
rNeg    + . .      Spirit   .   b - +0 scale mail
rPois   ∞          Reflect  .   (no helmet)
rElec   +          Harm     .   (no cloak)
rCorr   .          Rampage  .   (no gloves)
Will    .....                   (no boots)
Stlth   ..........              (no amulet)
HPRegen 0.09/turn               (no ring)
MPRegen 0.09/turn               (no ring)

@: mighty
A: sickness immunity, AC +3, negative energy resistance 1, electricity
resistance, torment resistance 1, petrification resistance
a: no special abilities


You were on level 2 of the Dungeon.
You visited 1 branch of the dungeon, and saw 2 of its levels.

You collected 66 gold pieces.

Inventory:

Hand Weapons
 a - a +0 flail (weapon)
Missiles
 f - 6 poisoned darts (quivered)
Armour
 b - a +0 scale mail (worn)
 c - a +0 buckler (worn)
Scrolls
 i - a scroll of teleportation
 j - a scroll of enchant weapon {unknown}
Potions
 e - a potion of degeneration
 g - a potion of mutation {unknown}
 h - a potion of magic {unknown}


   Skills:
 + Level 3.7 Fighting
 + Level 2.8 Maces & Flails
 + Level 4.1 Armour
 + Level 0.1 Dodging
 + Level 3.7 Shields


You had 3 spell levels left.
You didn't know any spells.
Your spell library was empty.

Dungeon Overview and Level Annotations

Branches:
Dungeon (2/15)

Altars:

Shops:
D:1 *   D:2 =

Annotations:
D:2 Natasha


Innate Abilities, Weirdness & Mutations

You are immune to sickness and miasma.
Your stone body is resilient. (AC +3)
You are immune to poison.
You resist negative energy. (rN+)
You are resistant to electric shocks. (rElec)
You are resistant to unholy torment.
You are immune to petrification.


Message History

You are too injured to fight recklessly!
You are too injured to fight recklessly!
You are too injured to fight recklessly!
You are too injured to fight recklessly!
You are too injured to fight recklessly!
You are too injured to fight recklessly!
Unknown command.
You barely miss Natasha. Natasha barely misses you.
The goblin hits you but does no damage.
An endoplasm comes into view.
You barely miss Natasha. Natasha claws you but does no damage.
The goblin hits you with a +0 dagger.
Natasha casts a spell.
You sock Natasha!
Natasha is severely wounded.
The goblin hits you but does no damage. Natasha claws you.
* * * LOW HITPOINT WARNING * * *
The goblin closely misses you.
Okay, then.
Natasha mumbles some strange words.
Natasha glows brightly for a moment.
Natasha mumbles some strange words.
The crimson imp hits you but does no damage.
The goblin hits you but does no damage.
There is an open door here.
The shadow imp spits at you.
There is an open door here.
You feel very mighty all of a sudden.
Natasha mumbles some strange words.
You block the crimson imp's attack. The goblin hits you with a +0 dagger.
* * * LOW HITPOINT WARNING * * *
You barely miss the goblin.
Natasha opens the door.
The crimson imp shouts, "Decamp, thou cockered weeb-spouting dewberry!"
You block the crimson imp's attack. The goblin hits you with a +0 dagger.
* * * LOW HITPOINT WARNING * * *
You barely miss the goblin. You block the crimson imp's attack.
The goblin hits you but does no damage.
Natasha stares at you and mumbles some strange words.
The magic dart hits you.
You die...

##### #
#################5..####### .#
................#5#........###.##
................@g5..............
#....############h#............#.
#..[.# J..######..####. .....#
#..# #.....#. #....# ...#
#####.#.#. .....# ##..#
#.......†. .....# ..#. #.###...#.
.##### #. .# #.# ##.... .# #.#
#..#.


You could see Natasha, a crimson imp (summoned), 2 shadow imps, an endoplasm and
a goblin.

Vanquished Creatures
  Natasha (D:2)
  2 dart slugs (D:1)
  A ball python (D:1)
  4 bats
  4 endoplasms
  5 hobgoblins
  4 jackals (D:1)
  2 quokkas (D:1)
  2 frilled lizards (D:1)
  A goblin (D:2)
  4 kobolds
  4 rats
34 creatures vanquished.

Vanquished Creatures (others)
  2 fungi (D:2)
2 creatures vanquished.

Grand Total: 36 creatures vanquished

Notes
Turn   | Place    | Note
-------+----------+-------------------------------------------
     0 | D:1      | zeram the Gargoyle Fighter began the quest for the Orb.
     0 | D:1      | Reached XP level 1. HP: 14/14 MP: 1/1
   227 | D:1      | Found Plog's General Store.
   450 | D:1      | Reached XP level 2. HP: 19/19 MP: 2/2
   755 | D:1      | Reached XP level 3. HP: 23/23 MP: 3/3
  1058 | D:2      | Noticed Natasha
  1061 | D:2      | Reached skill level 4 in Armour
  1178 | D:2      | Killed Natasha
  1179 | D:2      | Reached XP level 4. HP: 26/29 MP: 4/4
  1388 | D:2      | Found Rerowebi's Jewellery Boutique.
  1394 | D:2      | Noticed Natasha
  1409 | D:2      | Killed from afar by Natasha

Illustrated notes

Levels and vault maps discovered:
D:1:      dpeg_arrival_rhombus, layout_rooms, serial_co_window_serial,
          co_window_cross_1, co_window_paths_b, co_window_paths_a,
          co_window_paths_a, co_window_paths_a, co_window_broadway_b,
          co_window_corner_b, co_window_of_opportunity_b, glass_columns_a,
          glass_columns_a, glass_columns_a, glass_columns_a, serial_shops,
          nicolae_shop_behind_doors
D:2:      layout_basic, serial_shops, nicolae_shop_behind_doors,
          hellmonk_ecumenical_altar_arch_garden, uniq_natasha,
          uniq_crazy_yiuf_cottage

Skill      XL: |  1  2  3 |
---------------+----------+-----
Armour         | 4 |  4.1
Fighting       | |  3.7
Maces & Flails | |  2.8
Dodging        | |  0.1
Shields        | |  3.7

Action                   |  1- 3 |  4- 6 || total
-------------------------+-------+-------++-------
Melee: Flail             |    83 |    28 ||   111
  Use: Scroll            |     2 |       ||     2
       Potion            |       |     1 ||     1
Armor: Scale mail        |    47 |    17 ||    64
Dodge: Dodged            |    52 |    10 ||    62
Block: Buckler           |    23 |    10 ||    33
